Map: Thunderbird LE

Players

Woah - Winner!

  • Race: Terran Terran
  • Spawn Location: 5:00

Falciatore

  • Race: Protoss Protoss
  • League: Platinum
  • Spawn Location: 11:00

VOD

Have the link to the VOD?

Description

Time

  • Played on: June 14, 2019, 3:28 p.m.
  • Length: 10:28
Show
View Real Time Build Order
Export as new Build Order

Woah Terran - Winner!

Build Orders: Reaper Expand 

Get SALT Encoding   

  12  0:01  SCV  
  13  0:13  SCV  
  14  0:17  Supply Depot  
  14  0:28  SCV  
  15  0:41  Barracks  
  15  0:44  SCV  
  15  0:46  Refinery  
  16  0:56  SCV  
  17  1:08  SCV  
  18  1:20  SCV  
  19  1:31  Reaper  
  19  1:32  Orbital Command  
  20  1:47  Command Center  
  19  2:00  Barracks  
  19  2:04  Barracks Reactor  
  19  2:07  SCV  
  20  2:19  Barracks  
  20  2:21  SCV  
  21  2:34  SCV  
  22  2:47  SCV  
  23  2:52  Barracks Tech Lab  
  23  2:58  Marine x2  
  25  3:08  SCV  
  25  3:09  Bunker, Barracks Tech Lab  
  25  3:11  Stimpack  
  25  3:12  Marauder  
  28  3:16  Marine, Refinery  
  28  3:17  Marine  
  30  3:20  SCV  
  30  3:24  Orbital Command  
  31  3:33  Engineering Bay, Marine  
  32  3:35  SCV  
  33  3:46  Supply Depot  
  33  3:47  SCV  
  34  3:53  Combat Shield  
  34  3:54  SCV  
  35  4:01  Terran Infantry Weapons Level 1  
  35  4:03  Marine  
  35  4:06  Marine  
  38  4:12  SCV  
  38  4:13  SCV  
  39  4:19  Marauder  
  39  4:20  Factory  
  41  4:29  SCV  
  41  4:30  Supply Depot  
  42  4:34  SCV  
  43  4:39  Marauder  
  43  4:44  SCV  
  46  4:51  Marauder, Marine x2  
  50  4:53  SCV, Supply Depot  
  50  4:58  Refinery  
  51  5:00  Marauder  
  51  5:01  SCV  
  51  5:05  Supply Depot  
  51  5:06  Starport  
  54  5:08  Factory Tech Lab  
  54  5:15  SCV, Marauder, Marine x2  
  54  5:16  Supply Depot  
  59  5:23  SCV  
  60  5:31  SCV  
  62  5:35  SCV  
  64  5:43  Marauder x2  
  64  5:45  Concussive Shells  
  65  5:50  Siege Tank  
  67  6:01  Command Center  
  67  6:05  SCV x2, Supply Depot  
  69  6:11  Supply Depot  
  69  6:13  Medivac  
  71  6:32  Marine x2  
  75  6:33  Marauder x2, Terran Infantry Armor Level 1  
  75  6:36  SCV  
  78  6:46  Missile Turret  
  78  6:50  Marine x2  
  78  6:52  Starport Reactor  
  78  6:53  Siege Tank, Marine  
  84  6:54  SCV x2  
  86  7:09  Marauder  
  86  7:10  Marine x2  
  89  7:36  Barracks  
  89  7:37  Barracks  
  82  8:04  Marine x2  
  82  8:05  Marauder x2  
  85  8:14  Liberator x2  
  85  8:17  Barracks  
  85  8:18  Barracks  
  85  8:20  Barracks  
  85  8:22  Marine x2  
  85  8:23  Armory  
  85  8:26  Marine x2  
  89  8:30  Barracks Tech Lab x2  
  89  8:33  Engineering Bay  
  95  8:40  Marine  
  96  8:44  Marauder x2  
  97  9:05  Marine x2  
  97  9:06  Marauder x3, Marine  
  106  9:13  Orbital Command  
  106  9:15  Barracks Reactor  
  109  9:21  Medivac  
  109  9:23  Marine  
  109  9:29  Marine  
  109  9:31  Marine  
  109  10:04  Marine x2  
Show
View Real Time Build Order
Export as new Build Order

Falciatore Protoss 

Build Orders: 1 Gate Expand 

Get SALT Encoding   

  12  0:01  Probe  
  13  0:13  Probe  
  14  0:17  Pylon  
  14  0:24  Probe  
  15  0:33  Probe  
  15  0:41  Probe  
  16  0:45  Gateway  
  17  0:51  Probe  
  17  0:55  Assimilator  
  18  1:03  Probe  
  19  1:15  Probe  
  20  1:27  Probe  
  21  1:34  Nexus  
  21  1:45  Cybernetics Core  
  21  1:59  Gateway  
  21  2:07  Gateway  
  21  2:14  Probe  
  22  2:21  Assimilator  
  22  2:26  Probe  
  22  2:28  Pylon  
  23  2:38  Stalker  
  23  2:45  Probe  
  23  2:49  Warp Gate  
  24  2:57  Probe  
  25  3:13  Probe  
  25  3:14  Probe, Robotics Facility  
  25  3:19  Zealot  
  29  3:23  Adept  
  29  3:25  Probe  
  29  3:26  Probe  
  33  3:34  Forge  
  33  3:37  Probe  
  33  3:38  Probe  
  35  3:45  Adept  
  37  3:49  Probe  
  38  4:01  Stalker  
  38  4:02  Adept  
  42  4:04  Warp Prism  
  42  4:06  Probe  
  42  4:08  Probe  
  42  4:09  Protoss Ground Weapons Level 1  
  46  4:45  Pylon  
  46  4:47  Pylon  
  46  4:50  Pylon  
  46  4:51  Assimilator  
  46  4:52  Assimilator  
  46  4:56  Pylon  
  46  4:57  Pylon  
  46  5:03  Probe  
  46  5:04  Observer  
  48  5:10  Zealot, Stalker  
  48  5:11  Zealot  
  54  5:16  Probe  
  55  5:28  Probe  
  56  5:40  Probe  
  51  6:03  Stalker, Zealot x2  
  55  6:05  Probe  
  55  6:10  Robotics Bay  
  55  6:11  Observer  
  57  6:15  Protoss Ground Armor Level 1  
  57  6:17  Probe  
  57  6:18  Probe  
  59  6:24  Adept  
  59  6:25  Adept  
  63  6:26  Zealot  
  63  6:29  Probe  
  63  6:30  Probe  
  67  6:41  Probe  
  67  6:42  Probe  
  69  6:47  Colossus  
  69  6:48  Zealot  
  69  6:49  Zealot x2  
  69  6:53  Probe  
  77  6:54  Probe  
  77  7:05  Probe  
  77  7:06  Probe  
  85  7:17  Probe  
  85  7:18  Photon Cannon  
  85  7:20  Photon Cannon  
  86  7:23  Photon Cannon  
  86  7:25  Pylon  
  78  7:37  Zealot x2  
  78  7:38  Stalker  
  76  7:53  Zealot  
  76  8:04  Stalker  
  76  8:05  Stalker  
  78  8:10  Pylon  
  78  8:11  Pylon  
  78  8:13  Pylon  
  78  8:18  Colossus  
  78  8:24  Pylon  
  78  8:25  Pylon  
  78  8:30  Zealot, Stalker  
  78  8:31  Adept  
  90  8:42  Twilight Council  
  90  8:49  Observer  
  90  8:55  Zealot x2  
  92  8:56  Stalker  
  89  9:12  Stalker x2  
  93  9:19  Pylon  
  93  9:21  Pylon  
  93  9:23  Pylon  
  93  9:27  Pylon  
  93  9:30  Pylon  
  93  9:33  Pylon x2  
  93  9:39  Pylon  
  93  9:42  Sentry  
  93  9:43  Stalker x2  
  95  10:11  Zealot  
Tags
 
Add a new tag
Caveats
  • Supply blocks, unpowered buildings, or Contaminate may cause inaccurate times.
  • Supply counts are checked every 10 seconds.